 Dungeon Crawl Stone Soup version 0.29-a0-322-g68df515428 (webtiles) character file.

Game seed: 2242825028586596950

322 GigaChad the Slasher (level 6, -9/47 HPs)
             Began as a Draconian Chaos Knight on Apr 7, 2022.
             Was a Plaything of Xom.
             Mangled by an orc warrior
             ... wielding a +0 battleaxe
              (12 damage)
             ... on level 4 of the Dungeon.
             The game lasted 00:10:51 (3141 turns).

GigaChad the Slasher (Draconian Chaos Knight)       Turns: 3141, Time: 00:10:53

Health: -9/47      AC:  7    Str: 13    XL:     6   Next: 22%
Magic:  6/6        EV:  8    Int: 12    God:    Xom [..*...]
Gold:   219        SH: 10    Dex: 12    Spells: 5/5 levels left

rFire   . . .      SeeInvis .   a - +0 falchion (chaos)
rCold   . . .      Faith    .   m - +0 tower shield
rNeg    . . .      Spirit   .   (body armour unavailable)
rPois   .          Reflect  .   (helmet restricted)
rElec   .          Harm     .   (no cloak)
rCorr   .          Rampage  .   (no gloves)
Will    .....                   j - +0 pair of boots
Stlth   ++........              (no amulet)
HPRegen 0.15/turn               (no ring)
MPRegen 0.10/turn               (no ring)

@: no status effects
A: AC +6, unfitting armour, cold-blooded, talons 1, frail 1, weak 1
a: Renounce Religion


You were on level 4 of the Dungeon.
You worshipped Xom.
You were a toy of Xom.
You visited 1 branch of the dungeon, and saw 4 of its levels.

You collected 219 gold pieces.

Inventory:

Hand Weapons
 a - a +0 falchion of chaos (weapon)
 e - a +2 dagger of freezing
Missiles
 d - a throwing net
 f - a javelin
Armour
 j - a +0 pair of boots (worn)
 m - a +0 tower shield (worn)
Scrolls
 g - 2 scrolls of fog
 k - 5 scrolls of identify
 n - a scroll of teleportation
 o - a scroll of amnesia {unknown}
 q - a scroll of enchant weapon {unknown}
 r - a scroll of fear {unknown}
Potions
 c - 3 potions of curing {unknown}
 h - 2 potions of invisibility
 i - a potion of magic {unknown}
 l - a potion of lignification {unknown}
 p - a potion of degeneration {unknown}
Miscellaneous
 b - a piece from Xom's chessboard (15/15) (quivered)


   Skills:
 + Level 4.7 Fighting
 + Level 5.2 Long Blades
 + Level 3.3 Dodging
 + Level 1.5 Stealth


You had 5 spell levels left.
You didn't know any spells.
Your spell library contained the following spells:

 Spells                   Type           Power      Damage    Failure   Level
 Magic Dart               Conj           0%         1d3       99%         1
 Searing Ray              Conj           0%         2d4       100%        2
 Animate Dead             Necr           0%         N/A       100%        4
 Fulminant Prism          Conj/Hex       0%         3d6       100%        4
 Iskenderun's Mystic Bla  Conj/Tloc      0%         2d3       100%        4
 Borgnjor's Vile Clutch   Necr/Erth      0%         N/A       100%        5
 Death Channel            Necr           0%         N/A       100%        6
 Starburst                Conj/Fire      0%         6d3       100%        6
 Orb of Destruction       Conj           0%         9d5       100%        7


Dungeon Overview and Level Annotations

Branches:
Dungeon (4/15)
 Temple: D:4-7

Altars:


Innate Abilities, Weirdness & Mutations

Your plain brown scales are hard. (AC +6)
You cannot fit into any form of body armour.
You are cold-blooded and may be slowed by cold attacks.
You have sharp toenails.
You are frail. (-10% HP)
You are weak. (Str -2)


Message History

The silver boomerang hits you but does no damage.
The silver sears you! You block the orc warrior's attack.
The orc hits you but does no damage. x2; The orc throws a silver boomerang.
The silver boomerang barely misses you.
You hear some strange, mumbled words.
A magic dart appears from out of thin air!
The magic dart hits you. The orc warrior barely misses you.
You block the orc's attack. The orc barely misses you.
The orc hits you with a +0 club. You block the orc's attack.
You hit the orc.
You kill the orc!
Something hits you. You block the orc's attack.
The orc throws a silver boomerang.
The silver boomerang closely misses you.
The orc warrior hits you with a +0 battleaxe.
The orc hits you but does no damage.
You closely miss the orc. Something hits you.
The orc warrior hits you with a +0 battleaxe.
The orc barely misses you. You block the orc's attack.
The orc closely misses you. x3; Something hits you.
* * * LOW HITPOINT WARNING * * *
You block the orc warrior's attack. The orc hits you with a +0 hand axe.
* * * LOW HITPOINT WARNING * * *
The orc closely misses you.
You slash the orc warrior!
The orc warrior is moderately wounded.
Xom smirks.
You detect creatures!
Something hits you but does no damage.
You block the orc's attack. x2; The orc barely misses you.
The orc hits you with a +0 war axe!
* * * LOW HITPOINT WARNING * * *
The orc warrior closely misses you.
You hit the orc warrior but do no damage.
The orc warrior is moderately wounded.
Something hits you.
* * * LOW HITPOINT WARNING * * *
The orc hits you but does no damage.
The orc warrior hits you with a +0 battleaxe!
You die...
Xom is highly amused!

........#.#
........#.#
.....?.##.#####
..............
...$.......
.####......
.......o.#
#.....o{o#
#....Jo@o#
##....o!.#
#.......#
#########


You could see an orc warrior, 5 orcs and an endoplasm.

Vanquished Creatures
  Grinder (D:3)
  Robin (D:3)
  3 adders (D:2)
  3 worms
  A dart slug (D:4)
  3 orcs
  3 bats
  2 endoplasms
  4 giant cockroaches
  13 goblins
  12 hobgoblins
  2 quokkas
  4 ball pythons
  2 frilled lizards (D:3)
  7 kobolds
  4 rats
  A spectral kobold (D:1)
66 creatures vanquished.

Vanquished Creatures (collateral kills)
  A giant cockroach (D:4)
1 creature vanquished.

Grand Total: 67 creatures vanquished

Notes
Turn   | Place    | Note
-------+----------+-------------------------------------------
     0 | D:1      | GigaChad the Draconian Chaos Knight began the quest for the
                  | Orb.
     0 | D:1      | Reached XP level 1. HP: 19/19 MP: 1/1
    35 | D:1      | XOM: potion effect (brilliance)
   236 | D:1      | XOM: give mutations
   236 | D:1      | Gained mutation: You are frail. (-10% HP) [Xom's mischief]
   236 | D:1      | Gained mutation: You are weak. (Str -2) [Xom's mischief]
   236 | D:1      | Gained mutation: You have sharp toenails. [Xom's mischief]
   298 | D:1      | Found a faded altar of an unknown god.
   395 | D:1      | Reached XP level 2. HP: 22/23 MP: 2/2
  1291 | D:2      | XOM: snakes to sticks
  1306 | D:2      | Reached XP level 3. HP: 15/29 MP: 3/3
  1510 | D:2      | XOM: silly message
  1755 | D:2      | XOM: 3-stop teleportation journey
  1768 | D:2      | XOM: god gift: 58 gold pieces
  1934 | D:2      | Reached XP level 4. HP: 36/36 MP: 4/4
  2031 | D:3      | Noticed Grinder
  2039 | D:3      | XOM: confuse monster(s)
  2040 | D:3      | XOM: confuse monster(s)
  2041 | D:3      | Killed Grinder
  2042 | D:3      | Reached skill level 5 in Long Blades
  2042 | D:3      | Reached skill level 1 in Stealth
  2042 | D:3      | Reached XP level 5. HP: 37/42 MP: 5/5
  2061 | D:3      | Reached XP level 6. HP: 44/47 MP: 6/6
  2119 | D:3      | Noticed Robin
  2132 | D:3      | Killed Robin
  2728 | D:3      | Got the Collected Works on Combat Magic
  2890 | D:3      | XOM: silly message
  2978 | D:3      | XOM: silly message
  3124 | D:4      | Noticed an orc warrior
  3124 | D:4      | XOM: 2-stop teleportation journey
  3126 | D:4      | XOM: summons friendly ufetubus
  3140 | D:4      | XOM: divination: detect creatures
  3141 | D:4      | Mangled by an orc warrior

Illustrated notes

Levels and vault maps discovered:
D:1:      co_arrival_random_square_maze, layout_basic,
          dreamdust_ecumenical_altar_drowned_temple
D:2:      layout_loops_corners, palyth_stone_intersect, minmay_diced_spiral
D:3:      layout_loops_cross, chequers_serial_rivers_large_a, roderic_lattice_a,
          minivault_14, uniq_robin, uniq_grinder
D:4:      layout_rooms

Skill      XL: |  1  2  3  4 |
---------------+-------------+-----
Fighting       | 4 |  4.7
Long Blades    | 5 |  5.2
Dodging        | 3 |  3.3
Stealth        | 1 |  1.5

Action                   |  1- 3 |  4- 6 || total
-------------------------+-------+-------++-------
Melee: Falchion          |   104 |   110 ||   214
       Tailslap          |    14 |     9 ||    23
       Kick              |    10 |       ||    10
  Use: Scroll            |     5 |     1 ||     6
       Potion            |     1 |       ||     1
 Stab: Sleeping          |     1 |       ||     1
       Confused          |       |     1 ||     1
Armor: Skin              |    30 |    56 ||    86
Dodge: Dodged            |    73 |    64 ||   137
Block: Tower shield      |       |    54 ||    54

Table legend: (Time is in decaauts)
 A = Elapsed time spent in this place.
 B = Non-inter-level travel time spent in this place.
 C = Inter-level travel time spent in this place.
 D = Time resting spent in this place.
 E = Time spent auto-exploring this place.
 F = Levels seen in this place.
 G = Mean time per level.
                   A        B        C        D        E       F      G
               +--------+--------+--------+--------+--------+-----+--------+
         Total |   3192 |   3158 |     34 |    103 |   1411 |   4 |  798.0 |
       Dungeon |   3192 |   3158 |     34 |    103 |   1411 |   4 |  798.0 |
               +--------+--------+--------+--------+--------+-----+--------+

Top non-repeatable levels by time:
     D:3: 1124 daAuts
     D:1: 1009 daAuts
     D:2: 993 daAuts
     D:4: 64 daAuts
